Map: Vigília Leste LE

Players

ignacio - Winner!

  • Race: Protoss Protoss
  • League: Bronze
  • Spawn Location: 7:00

IagoAbreu

  • Race: Zerg Zerg
  • League: Silver
  • Spawn Location: 1:00

VOD

Have the link to the VOD?

Description

Time

  • Played on: March 7, 2018, 1:33 p.m.
  • Length: 6:17
Show
View Real Time Build Order
Export as new Build Order

ignacio Protoss - Winner!

Build Orders:  

Get SALT Encoding   

  12  0:02  Probe (Chrono Boost)  
  13  0:12  Probe (Chrono Boost)  
  14  0:22  Probe  
  14  0:23  Pylon  
  15  0:43  Gateway, Probe  
  16  0:55  Probe  
  17  1:09  Pylon  
  17  1:12  Probe (Chrono Boost)  
  17  1:13  Assimilator  
  17  1:17  Assimilator  
  18  1:23  Probe (Chrono Boost)  
  19  1:27  Probe (Chrono Boost)  
  20  1:34  Cybernetics Core  
  20  1:44  Probe  
  21  1:54  Gateway  
  21  1:55  Gateway  
  21  2:11  Pylon  
  21  2:13  Stalker  
  23  2:18  Probe (Chrono Boost)  
  23  2:22  Warp Gate (Chrono Boost)  
  23  2:28  Probe (Chrono Boost)  
  24  2:33  Probe  
  25  2:41  Stalker  
  27  2:46  Stalker  
  29  2:55  Stalker  
  31  3:06  Pylon  
  31  3:11  Stalker  
  33  3:25  Stalker  
  35  3:36  Pylon  
  35  3:39  Stalker  
  37  3:50  Stargate  
  37  4:25  Stalker x3  
  43  4:35  Pylon  
  43  4:37  Oracle  
  46  4:54  Stalker x3  
  51  5:23  Stalker  
  51  5:24  Stalker  
  55  5:33  Stalker  
Show
View Real Time Build Order
Export as new Build Order

IagoAbreu Zerg 

Build Orders: Pool First 

Get SALT Encoding   

  12  0:08  Overlord  
  12  0:13  Drone  
  13  0:17  Drone  
  14  0:36  Spawning Pool  
  14  0:38  Drone  
  14  0:43  Drone  
  14  0:46  Drone  
  16  0:52  Drone  
  17  1:07  Extractor  
  17  1:11  Evolution Chamber  
  15  1:12  Drone  
  15  1:17  Drone  
  17  1:23  Queen  
  19  1:26  Zergling x2  
  20  1:36  Drone  
  21  1:53  Zergling x2  
  22  2:00  Extractor  
  21  2:03  Drone  
  22  2:40  Hatchery  
  22  2:44  Overlord  
  21  2:45  Hatchery, Queen  
  22  3:12  Overlord  
  22  3:13  Overlord x2  
  22  3:36  Zergling x8  
  22  3:37  Zergling x2  
  27  3:42  Drone  
  28  3:57  Drone  
  29  4:07  Drone x3  
  29  4:09  Drone  
  33  4:26  Lair  
  33  4:33  Queen  
  33  4:36  Drone  
  36  4:48  Overlord x2  
  32  5:11  Zergling x2  
  32  5:12  Zergling x10  
  32  5:18  Zergling x6  
  34  5:35  Zergling x10  
  36  5:36  Zergling x2  
  36  5:37  Zergling x2  
  36  5:46  Zergling x2  
  35  5:56  Roach Warren  
Tags
 
Add a new tag
Caveats
  • Supply blocks, unpowered buildings, or Contaminate may cause inaccurate times.
  • Supply counts are checked every 10 seconds.